 Dungeon Crawl Stone Soup version 0.30-a0-368-g86fb4627a9 (webtiles) character file.

Game seed: 10814132883584826330

588 lunkers the Cudgeller (level 7, -1/56 HPs)
             Began as an Armataur Reaver on Nov 19, 2022.
             Slain by a gnoll
             ... wielding a +0 club
              (6 damage)
             ... on level 6 of the Dungeon.
             The game lasted 00:07:23 (3591 turns).

lunkers the Cudgeller (Armataur Reaver)             Turns: 3591, Time: 00:07:24

Health: -1/56      AC:  6    Str: 20    XL:     7   Next: 15%
Magic:  9/9        EV:  9    Int: 13    God:
Gold:   243        SH:  0    Dex:  8    Spells: 8/9 levels left

rFire   . . .      SeeInvis .    b - +2 flail (drain)
rCold   . . .      Faith    .    (no shield)
rNeg    . . .      Spirit   .    h - +0 leather armour
rPois   .          Reflect  .    (no helmet)
rElec   .          Harm     .    (no cloak)
rCorr   .          Roll     +    (no gloves)
Will    .....                    (no barding)
Stlth   +.........               (no amulet)
HPRegen 0.29/turn                c - ring of wizardry
MPRegen 0.11/turn                (no ring)

@: no status effects
A: large, rugged brown scales 3, deformed body, armoured tail, roll, long
tongue, awkward tongue, claws 1, hooves 1, iridescent scales 1, inability to
read after injury 1, devolution 1
a: no special abilities


You were on level 6 of the Dungeon.
You visited 1 branch of the dungeon, and saw 6 of its levels.

You collected 243 gold pieces.

Inventory:

Hand Weapons
 a - a +0 short sword
 b - a +2 flail of draining (weapon)
 n - a +4 whip
Armour
 d - an orb of energy
 h - a +0 leather armour (worn)
Jewellery
 c - a ring of wizardry (left claw)
 s - a ring of ice
Scrolls
 f - 3 scrolls of teleportation {unknown}
 j - 2 scrolls of enchant weapon {unknown}
 k - 3 scrolls of vulnerability {unknown}
 m - 4 scrolls of identify {unknown}
 o - a scroll of enchant armour {unknown}
 q - 2 scrolls of torment {unknown}
 u - a scroll of fog {unknown}
 w - a scroll of poison {unknown}
 y - a scroll of summoning {unknown}
 A - a scroll of amnesia {unknown}
Potions
 i - a potion of mutation
 l - a potion of cancellation
 p - a potion of invisibility {unknown}
 r - a potion of resistance {unknown}
 t - a potion of heal wounds
 v - a potion of might {unknown}
 x - a potion of brilliance {unknown}
 z - 2 potions of ambrosia {unknown}


   Skills:
 - Level 1.7 Fighting
 - Level 4.0 Short Blades
 + Level 6.2 Maces & Flails
 - Level 1.3 Dodging
 - Level 1.7 Spellcasting
 - Level 2.6 Conjurations


You had 8 spell levels left.
You knew the following spells:

 Your Spells              Type           Power      Damage    Failure   Level
p - Kiss of Death         Conj/Necr      16%        2d6       8%          1

Your spell library contained the following spells:

 Spells                   Type           Power      Damage    Failure   Level
 Momentum Strike          Conj/Tloc      8%         3d8       11%         2
 Summon Small Mammal      Summ           4%         N/A       12%         1
 Cigotuvi's Dreadful Rot  Necr/Pois/Air  2%         N/A       19%         2
 Poisonous Vapours        Pois/Air       2%         N/A       19%         2
 Hailstorm                Conj/Ice       4%         3d4       21%         3
 Mephitic Cloud           Conj/Pois/Air  3%         N/A       26%         3
 Call Canine Familiar     Summ           1%         N/A       34%         3
 Summon Guardian Golem    Hex/Summ       1%         N/A       34%         3


Dungeon Overview and Level Annotations

Branches:
Dungeon (6/15)
 Temple: D:4-7

Altars:
Wu Jian

Shops:
D:3 [

Annotations:
D:4 1 runed translucent door, purpskrrrp's ghost, amateur MiMo


Innate Abilities, Weirdness & Mutations

You are completely covered in rugged brown scales. (AC +3, +7% HP)
Armour fits poorly on your strangely shaped body.
You have a long armoured tail.
You roll when moving toward enemies. (Rampage)
Your long tongue fully drains potion bottles. (2x potion effects)
Your tongue gives you trouble enunciating. (1.5x scroll delay)
You have sharp fingernails.
You have large cloven feet.
You are partially covered in iridescent scales. (AC +2)
You occasionally lose the ability to read scrolls when taking damage.
You have hidden genetic defects.


Message History

The steam dragon is severely wounded.
The steam dragon bites you.
* * * LOW HITPOINT WARNING * * *
The steam dragon barely misses you. The orc hits you but does no damage.
The steam dragon bites you.
* * * LOW HITPOINT WARNING * * *
The steam dragon claws you but does no damage.
You closely miss the steam dragon.
The steam dragon is severely wounded.
The orc hits you with a +0 dagger.
* * * LOW HITPOINT WARNING * * *
The steam dragon bites you but does no damage.
The steam dragon claws you but does no damage.
You hit the steam dragon. You drain the steam dragon.
You kill the steam dragon!
The orc hits you with a +0 dagger.
* * * LOW HITPOINT WARNING * * *
Training target 6.0 for Maces & Flails reached!
Your Maces & Flails skill increases to level 6!
You need to enable at least one skill for training.
You have reached level 7!
You hit the orc. You kick the orc.
The orc is heavily wounded.
The orc hits you but does no damage.
You hit the orc. Your kick misses the orc.
Your tail-slap misses the orc.
The orc is severely wounded.
The orc hits you but does no damage.
You barely miss the orc. Your kick misses the orc.
Your tail-slap misses the orc.
The orc is severely wounded.
The orc hits you with a +0 dagger.
* * * LOW HITPOINT WARNING * * *
You closely miss the orc. Your kick misses the orc.
The orc is severely wounded.
The orc hits you but does no damage.
You sock the orc!
You kill the orc!
You closely miss the gnoll. Your kick misses the gnoll.
The gnoll hits you with a +0 club.
You die...

...
#..#........########
#..#..#......#........
#.#..#....#....######
#....#..########
#.....#######
##>.#......<#
##.#########
#.########
########.@.......
........g########
.............#
........(....#
...........[.#
.........#####
#####....# ..Fl#....#
#.#.#.....


You could see an iguana and a gnoll.

Vanquished Creatures
  A steam dragon (D:6)
  A water moccasin (D:6)
  An ogre (D:4)
  4 hounds
  A jelly (D:4)
  A gnoll (D:1)
  3 adders (D:2)
  2 worms
  2 dart slugs (D:3)
  5 orcs
  4 endoplasms
  A giant cockroach (D:3)
  3 goblins
  7 hobgoblins
  7 jackals (D:1)
  3 quokkas
  11 ball pythons
  10 bats
  4 frilled lizards
  7 kobolds
  3 rats
81 creatures vanquished.

Notes
Turn   | Place    | Note
-------+----------+-------------------------------------------
     0 | D:1      | lunkers the Armataur Reaver began the quest for the Orb.
     0 | D:1      | Reached XP level 1. HP: 18/18 MP: 3/3
   340 | D:1      | Reached XP level 2. HP: 21/25 MP: 4/4
   696 | D:1      | Reached XP level 3. HP: 20/23 MP: 2/5
  1052 | D:2      | Reached skill level 1 in Maces & Flails
  1378 | D:2      | Reached XP level 4. HP: 33/33 MP: 6/6
  1428 | D:2      | Reached skill level 2 in Maces & Flails
  1937 | D:3      | Found an ornate altar of the Wu Jian Council.
  2063 | D:3      | Found Gyj Ubra's Armour Boutique.
  2445 | D:4      | Reached skill level 3 in Maces & Flails
  2445 | D:4      | Reached XP level 5. HP: 26/43 MP: 7/7
  2743 | D:4      | Reached skill level 4 in Maces & Flails
  2988 | D:4      | Found a runed translucent door.
  2988 | D:4      | Noticed an orc warrior
  2988 | D:4      | Noticed purpskrrrp's ghost (amateur MiMo)
  3280 | D:4      | Noticed an ogre
  3285 | D:4      | Killed an ogre
  3286 | D:4      | Reached XP level 6. HP: 42/51 MP: 8/8
  3400 | D:5      | Entered Level 5 of the Dungeon
  3403 | D:5      | Noticed a water moccasin
  3423 | D:6      | Killed a water moccasin
  3424 | D:6      | Reached skill level 5 in Maces & Flails
  3425 | D:6      | Gained mutation: You occasionally lose the ability to read
                  | scrolls when taking damage. [potion of mutation]
  3425 | D:6      | Gained mutation: You have sharp fingernails. [potion of
                  | mutation]
  3425 | D:6      | Gained mutation: You are partially covered in iridescent
                  | scales. (AC +2) [potion of mutation]
  3425 | D:6      | Gained mutation: You have hidden genetic defects. [potion
                  | of mutation]
  3425 | D:6      | Gained mutation: You have large cloven feet. [potion of
                  | mutation]
  3425 | D:6      | HP: 1/51 [poisoned by a water moccasin]
  3573 | D:6      | Noticed a steam dragon
  3585 | D:6      | Killed a steam dragon
  3586 | D:6      | Reached skill level 6 in Maces & Flails
  3586 | D:6      | Reached XP level 7. HP: 7/56 MP: 9/9
  3591 | D:6      | Slain by a gnoll

Illustrated notes

Levels and vault maps discovered:
D:1:      kilobyte_arrival_exit_the_forest, layout_basic
D:2:      layout_basic
D:3:      layout_loops_ring, lemuel_tele_altar, serial_shops, shop,
          kennysheep_generic_room_13
D:4:      layout_loops_corners, ebering_ghost_inner_flame
D:5:      layout_loops_cross, mainiacjoe_overflow_24_doors,
          minmay_temple_entry_large_hall, uniq_duvessa
D:6:      layout_basic, mainiacjoe_overflow_big_doors, gup_sewer_entry_pipe,
          minmay_checkerbox

Skill      XL: |  1  2  3  4  5  6 |
---------------+-------------------+-----
Short Blades   | 3 4 |  4.0
Maces & Flails | 1 3 4 6 |  6.2
Fighting       | |  1.7
Dodging        | |  1.3
Spellcasting   | |  1.7
Conjurations   | |  2.6

Action                   |  1- 3 |  4- 6 |  7- 9 || total
-------------------------+-------+-------+-------++-------
Melee: Short sword       |   112 |       |       ||   112
       Tailslap          |    10 |     5 |       ||    15
       Flail             |    44 |   115 |     6 ||   165
       Punch             |       |     1 |       ||     1
       Kick              |       |     5 |     1 ||     6
 Cast: Kiss of Death     |     2 |       |       ||     2
  Use: Potion            |       |     6 |       ||     6
Armor: Leather armour    |    75 |    30 |     3 ||   108
Dodge: Dodged            |    67 |    49 |       ||   116

Table legend: (Time is in decaauts)
 A = Elapsed time spent in this place.
 B = Non-inter-level travel time spent in this place.
 C = Inter-level travel time spent in this place.
 D = Time resting spent in this place.
 E = Time spent auto-exploring this place.
 F = Levels seen in this place.
 G = Mean time per level.
                   A        B        C        D        E       F      G
               +--------+--------+--------+--------+--------+-----+--------+
         Total |   3620 |   3509 |    111 |      0 |   2949 |   6 |  603.3 |
       Dungeon |   3620 |   3509 |    111 |      0 |   2949 |   6 |  603.3 |
               +--------+--------+--------+--------+--------+-----+--------+

Top non-repeatable levels by time:
     D:4: 961 daAuts
     D:1: 925 daAuts
     D:3: 816 daAuts
     D:2: 720 daAuts
     D:6: 182 daAuts
     D:5: 13 daAuts
